 Dungeon Crawl Stone Soup version 0.21.0-3-g78d12a8 (webtiles) character file.

3764 Miyamura the Shooter (level 9, -2/71 HPs)
             Began as a Demonspawn Wanderer on Jan 9, 2018.
             Was an Elder of Okawaru.
             Slain by a two-headed ogre
             ... wielding a +0 giant spiked club
              (13 damage)
             ... on level 8 of the Dungeon.
             The game lasted 00:21:26 (8158 turns).

Miyamura the Shooter (Demonspawn Wanderer)          Turns: 8158, Time: 00:21:30

Health: -2/71      AC:  7    Str: 13 (14) XL:     9   Next: 94%
Magic:  10/10      EV: 14    Int: 22      God:    Okawaru [****..]
Gold:   287        SH:  8    Dex: 18      Spells: 10/10 levels left

rFire    + + .     SeeInvis +   i - +1 dagger of Incongruity {venom, +Fly rC- Int+7 SInv}
rCold    x . .     Gourm    .   (no shield)
rNeg     . . .     Faith    .   s - +0 ring mail
rPois    .         Spirit   .   u - +0 helmet of Ennui {rF+ SInv}
rElec    .         Reflect  .   z - scarf {repulsion}
rCorr    .         Harm     .   (no gloves)
MR       +....                  (no boots)
Stlth    +.........             (no amulet)
HPRegen  0.21/turn              m - +5 ring of dexterity
MPRegen  0.12/turn              r - ring of Xeliginaa {rF+ MR+ SInv}

@: drained, repel missiles
A: hooves 1, large bone plates 3, deterioration 1, sense surroundings 1, powered
by death 2, powered by pain 1
a: Heroism, Renounce Religion, Evoke Flight


You were on level 8 of the Dungeon.
You worshipped Okawaru.
Okawaru was greatly pleased with you.
You were not hungry.

You visited 1 branch of the dungeon, and saw 8 of its levels.

You collected 462 gold pieces.
You spent 175 gold pieces at shops.

Inventory:

Hand Weapons
 i - the +1 dagger of Incongruity (weapon) {venom, +Fly rC- Int+7 SInv}
   (You found it on level 4 of the Dungeon)

   It poisons the flesh of those it strikes.
   It affects your intelligence (+7).
   It makes you vulnerable to cold.
   It lets you see invisible.
   It lets you fly.
 w - a +2 shortbow of flaming
Missiles
 b - 136 arrows
Armour
 q - a +0 shield
 s - a +0 ring mail (worn)
 u - the +0 helmet of Ennui (worn) {rF+ SInv}
   (You took it off Robin on level 3 of the Dungeon)

   It protects you from fire.
   It lets you see invisible.
 z - a scarf of repulsion (worn)
Jewellery
 m - a +5 ring of dexterity (left hand)
 r - the ring of Xeliginaa (right hand) {rF+ MR+ SInv}
   (You found it on level 6 of the Dungeon)

   [ring of protection from fire]

   It protects you from fire.
   It affects your resistance to hostile enchantments.
   It lets you see invisible.
 x - a +2 ring of dexterity
 B - a +4 ring of protection {unknown}
Wands
 d - a wand of polymorph (3)
 t - a wand of clouds (4)
Scrolls
 e - 5 scrolls of teleportation
 g - 2 scrolls of amnesia
 h - 2 scrolls of magic mapping
 j - 2 scrolls of remove curse
 k - 4 scrolls of immolation
 l - a scroll of blinking
 n - a scroll of fear
 p - 3 scrolls of fog
 A - a scroll of enchant armour
Potions
 c - a potion of curing
 v - 2 potions of flight {unknown}
Books
 o - a book of Conjurations

   Spells                             Type                      Level
   a - Magic Dart                     Conjuration                  1
   b - Searing Ray                    Conjuration                  2
   c - Dazzling Spray                 Conjuration/Hexes            3
   d - Fulminant Prism                Conjuration/Hexes            4
   e - Force Lance                    Conjuration/Translocation    4
   f - Iskenderun's Mystic Blast      Conjuration                  4
 y - a book of Misfortune

   Spells                             Type                      Level
   a - Confusing Touch                Hexes                        1
   b - Confuse                        Hexes                        3
   c - Gell's Gravitas                Translocation                3
   d - Petrify                        Transmutation/Earth          4
   e - Metabolic Englaciation         Hexes/Ice                    5
   f - Yara's Violent Unravelling     Hexes/Transmutation          5
Comestibles
 a - 11 chunks of flesh
 f - 15 rations


   Skills:
 + Level 6.6(6.4) Fighting
 * Level 7.3(7.2) Bows
 - Level 1.0(0.8) Throwing
 + Level 4.9(4.7) Armour
 + Level 5.2(5.0) Dodging
 - Level 2.1(2.0) Stealth
 + Level 5.2(5.1) Unarmed Combat
 - Level 1.0(0.8) Spellcasting
   Level 1.0(0.8) Conjurations
   Level 1.1(0.9) Necromancy
 - Level 1.0(0.8) Evocations


You had 10 spell levels left.
You didn't know any spells.

Dungeon Overview and Level Annotations

Branches:
Dungeon (8/15)             Temple (0/1) D:6
   Lair: D:8-11

Altars:
Dithmenos
Makhleb
Okawaru
Ru

Shops:
D:6 ?


Innate Abilities, Weirdness & Mutations

You have large cloven feet.
You are completely covered in large bone plates. (SH +8)
You regenerate health from kills.
You sometimes gain a little power by taking damage.
Your body sometimes deteriorates upon taking damage.
You passively map a small area around you.


Message History

The two-headed ogre hits you with a giant spiked club!
Wield which item (- for none, * to show all)? (? for menu, Esc to quit)
Your +2 shortbow of flaming stops flaming.
The +1 dagger of Incongruity {venom, +Fly rC- Int+7 SInv} begins to drip with poison!
i - the +1 dagger of Incongruity (weapon)
{venom, +Fly rC- Int+7 SInv} You hit the two-headed ogre.
The two-headed ogre is poisoned.
You kick the two-headed ogre.
The two-headed ogre is heavily wounded.
The white imp shouts, "Return whence thou came, thou weedy dread-bolted yak-dropping!"
The two-headed ogre closely misses you.
The two-headed ogre hits you with a giant spiked club!!
Your body deteriorates!
You feel weakened.
You hit the two-headed ogre.
You kick the two-headed ogre, but do no damage.
The two-headed ogre is severely wounded.
The two-headed ogre hits you with a giant spiked club!!
* * * LOW HITPOINT WARNING * * *
The two-headed ogre hits you with a giant spiked club!
You die...

#.#* ≈ #.## ≈ ...
#(.# , , .#. #..,
§§.. #. #(# ≈ §§.
* #. #.# §§≈≈ #
#5#* .≈ ,* #O#
##.# * , #@# #.. ,
#.# #.#* * * , #.#
#.# .# #.####)####
.#*,#
#.#...)...###.# .#
#.#........##.##.#
#...÷.............
###...............
#........∩..###


You could see a two-headed ogre and a white imp.

Vanquished Creatures
  A polar bear (D:8)
  Grinder (D:6)
  Prince Ribbit (D:7)
  Sigmund (D:5)
  Eustachio (D:5)
  Duvessa (D:5)
  2 orc warriors (D:7)
  A necrophage (D:7)
  3 ogres
  3 phantoms (D:5)
  6 centaurs
  2 bullfrogs
  Dowan (D:5)
  A scorpion (D:4)
  2 wights (D:8)
  4 crimson imps
  A bullfrog zombie (D:5)
  A quasit (D:7)
  3 hounds
  2 bullfrog skeletons
  2 orc priests
  5 orc wizards
  Terence (D:3)
  11 worker ants
  4 hound skeletons
  Robin (D:3)
  5 gnolls
  A howler monkey skeleton (D:6)
  8 adders
  2 oozes (D:3)
  2 adder skeletons
  4 worms
  2 dart slugs (D:1)
  8 leopard geckos
  23 orcs
  7 giant cockroaches
  9 goblins
  10 hobgoblins
  8 jackals
  6 kobolds
  2 quokkas
  3 ball pythons
  10 bats
  10 frilled lizards
  2 leopard gecko zombies
  2 quokka skeletons
  6 rats
192 creatures vanquished.

Vanquished Creatures (others)
  A two-headed ogre (D:8)
  A scorpion (D:8)
  A howler monkey (D:8)
  An orc wizard (D:8)
  2 adders (D:8)
  An orc (D:8)
  A giant cockroach (D:8)
  5 goblins (D:3)
  4 hobgoblins (D:3)
17 creatures vanquished.

Grand Total: 209 creatures vanquished

Notes
Turn   | Place    | Note
-------+----------+-------------------------------------------
     0 | D:1      | Miyamura the Demonspawn Wanderer began the quest for the Orb.
     0 | D:1      | Miyamura set off with: a +2 shortbow, 24 arrows, a potion of curing, a potion of lignification, a +0 robe, a ration
     0 | D:1      | Reached XP level 1. HP: 18/18 MP: 2/2
    96 | D:1      | Gained mutation: You regenerate a little health from kills. [demonic ancestry]
    96 | D:1      | Reached XP level 2. HP: 22/24 MP: 3/3
   111 | D:1      | Reached skill level 1 in Unarmed Combat
   276 | D:1      | Reached skill level 1 in Stealth
   276 | D:1      | Gained mutation: You sometimes gain a little power by taking damage. [demonic ancestry]
   276 | D:1      | Reached XP level 3. HP: 29/29 MP: 4/4
   441 | D:2      | Reached skill level 1 in Dodging
  1030 | D:2      | Found an iron altar of Okawaru.
  1035 | D:2      | Reached XP level 4. HP: 35/35 MP: 5/5
  1054 | D:2      | Became a worshipper of Warmaster Okawaru
  1712 | D:3      | Gained mutation: Your body sometimes deteriorates upon taking damage. [potion of mutation]
  1712 | D:3      | Gained mutation: You passively map a small area around you. [potion of mutation]
  1715 | D:3      | Reached skill level 2 in Bows
  1715 | D:3      | Gained mutation: You have large cloven feet. [demonic ancestry]
  1715 | D:3      | Reached XP level 5. HP: 19/42 MP: 6/6
  1998 | D:3      | Noticed Terence
  2013 | D:3      | Killed Terence
  2495 | D:3      | Noticed Robin
  2525 | D:3      | Killed Robin
  3132 | D:4      | Gained mutation: You are partially covered in large bone plates. (SH +4) [demonic ancestry]
  3132 | D:4      | Reached XP level 6. HP: 48/48 MP: 7/7
  3425 | D:4      | Reached * piety under Okawaru
  3524 | D:4      | Reached skill level 3 in Bows
  4087 | D:4      | Gained mutation: You are mostly covered in large bone plates. (SH +6) [demonic ancestry]
  4087 | D:4      | Reached XP level 7. HP: 55/55 MP: 8/8
  4359 | D:5      | Entered Level 5 of the Dungeon
  4593 | D:5      | Noticed Duvessa
  4598 | D:5      | Noticed Dowan
  4607 | D:5      | Killed Duvessa
  4619 | D:5      | Killed Dowan
  4619 | D:5      | Reached skill level 4 in Bows
  4696 | D:5      | Noticed Sigmund
  4787 | D:5      | Killed Sigmund
  4787 | D:5      | Reached ** piety under Okawaru
  4953 | D:5      | Gained mutation: You regenerate health from kills. [demonic ancestry]
  4953 | D:5      | Reached XP level 8. HP: 42/61 MP: 9/9
  5056 | D:5      | Reached skill level 5 in Fighting
  5167 | D:5      | Found a shadowy altar of Dithmenos.
  5190 | D:5      | Reached skill level 5 in Bows
  5321 | D:5      | Noticed Eustachio
  5602 | D:4      | Got a bloodstained dagger
  5643 | D:3      | Got a crude helmet
  5649 | D:3      | Identified the +0 helmet of Ennui {rF+ SInv} (You took it off Robin on level 3 of the Dungeon)
  5680 | D:4      | Identified the cursed +1 dagger of Incongruity {venom, +Fly rC- Int+7 SInv} (You found it on level 4 of the Dungeon)
  5846 | D:5      | Killed Eustachio
  6555 | D:6      | Found a staircase to the Ecumenical Temple.
  6602 | D:6      | Noticed Grinder
  6605 | D:6      | Paralysed by Grinder for 2 turns
  6630 | D:6      | Paralysed by Grinder for 4 turns
  6641 | D:6      | Killed Grinder
  6772 | D:6      | Found Misot's Magic Scroll Emporium.
  6788 | D:6      | Bought a scroll of identify for 20 gold pieces
  6788 | D:6      | Bought a scroll of identify for 20 gold pieces
  6788 | D:6      | Bought a scroll of identify for 20 gold pieces
  6788 | D:6      | Bought a scroll of identify for 20 gold pieces
  6788 | D:6      | Bought a scroll of identify for 20 gold pieces
  6788 | D:6      | Bought a scroll of identify for 20 gold pieces
  6788 | D:6      | Bought a scroll of immolation for 35 gold pieces
  6788 | D:6      | Bought a scroll of identify for 20 gold pieces
  6845 | D:6      | Got a heavily runed bronze ring
  6846 | D:6      | Identified the ring of Xeliginaa {rF+ MR+ SInv} (You found it on level 6 of the Dungeon)
  6924 | D:6      | Gained mutation: You are completely covered in large bone plates. (SH +8) [demonic ancestry]
  6924 | D:6      | Reached XP level 9. HP: 54/69 MP: 10/10
  7124 | D:6      | Reached skill level 6 in Bows
  7192 | D:7      | Reached *** piety under Okawaru
  7296 | D:7      | Noticed Prince Ribbit
  7325 | D:7      | Killed Prince Ribbit
  7450 | D:7      | Received a gift from Okawaru
  7525 | D:7      | Found a shadowy altar of Dithmenos.
  7526 | D:7      | Found a sacrificial altar of Ru.
  7576 | D:7      | Found a burning altar of Makhleb.
  7687 | D:7      | Reached skill level 5 in Unarmed Combat
  7702 | D:7      | Reached skill level 7 in Bows
  7702 | D:7      | Reached skill level 5 in Dodging
  8003 | D:8      | Noticed a death yak
  8018 | D:7      | You fall through a shaft!
  8020 | D:8      | Noticed a polar bear
  8034 | D:8      | Killed a two-headed ogre
  8048 | D:8      | Killed a polar bear
  8052 | D:8      | Reached **** piety under Okawaru
  8145 | D:8      | Noticed a two-headed ogre
  8158 | D:8      | Slain by a two-headed ogre

Skill      XL: |  1  2  3  4  5  6  7  8  9 |
---------------+----------------------------+-----
Unarmed Combat | 1 2 3 4 5 |  5.2
Stealth        | 1 2 |  2.1
Dodging        | 1 2 3 4 5 |  5.2
Bows           | 2 3 4 5 7 |  7.3
Fighting       | 4 5 6 |  6.6
Armour         | 2 3 4 |  4.9
Throwing       | |  1.0
Spellcasting   | |  1.0
Conjurations   | |  1.0
Necromancy     | |  1.1
Evocations     | |  1.0

Action                   |  1- 3 |  4- 6 |  7- 9 || total
-------------------------+-------+-------+-------++-------
Melee: Unarmed           |       |       |     4 ||     4
       Dagger            |       |       |    23 ||    23
       Kick              |       |       |     8 ||     8
 Fire: Shortbow          |    89 |   251 |   514 ||   854
Invok: Heroism           |       |       |     2 ||     2
  Use: Potion            |       |     6 |     1 ||     7
       Scroll            |       |     7 |    12 ||    19
  Eat: Chunk             |       |     6 |     9 ||    15
       Ration            |       |     1 |     1 ||     2
Armor: Robe              |     4 |       |       ||     4
       Ring mail         |       |    34 |    72 ||   106
       Skin              |       |     4 |       ||     4
Dodge: Dodged            |    17 |    82 |   193 ||   292
Block: Other             |       |     6 |   105 ||   111
